 Dungeon Crawl Stone Soup version 0.14-a0-2019-gd9bc7f0 (webtiles) character file.

4800 Piginabag the Spear-Bearer (level 10, 0/70 HPs)
             Began as a Formicid Wanderer on Jan 19, 2014.
             Was an Initiate of the Shining One.
             Succumbed to a gnoll's poison
             ... on Level 7 of the Dungeon.
             The game lasted 00:31:33 (11854 turns).

Piginabag the Spear-Bearer (Formicid Wanderer)     Turns: 11854, Time: 00:31:34

HP   0/70        AC  9     Str 17      XL: 10   Next: 92%
MP  11/11        EV 10     Int 12      God: the Shining One [......]
Gold 402         SH  0     Dex 13      Spells:  0 memorised,  9 levels left

rFire  . . .     SeeInvis +     c - +0,+1 halberd
rCold  + . .     Clarity  .     b - +0 ring mail
rNeg   . . .     Conserve .     (no shield)
rPois  x         rCorr    .     (helmet unavailable)
rElec  +         rRot     .     v - +0 cloak
SustAb . .       Spirit   .     k - +0 pair of gloves
rMut   .         Warding  .     (no boots)
Saprov . . .     Stasis   +     (no amulet)
MR     +....                    A - ring of sustenance
                                f - ring of protection from cold

@: mildly poisoned, somewhat resistant to hostile enchantments, unstealthy
A: permanent stasis, dig shafts and tunnels, four strong arms, poison weakness,
antennae 3, molten scales 1, deterioration 1, electricity resistance,
exoskeleton 1
a: Dig, Shaft Self, Renounce Religion


You were on level 7 of the Dungeon.
You worshipped the Shining One.
The Shining One was noncommittal.
You were not hungry.

You visited 2 branches of the dungeon, and saw 9 of its levels.

You collected 402 gold pieces.

Inventory:

Hand weapons
 c - a +0,+1 halberd (weapon)
Armour
 b - a +0 ring mail (worn)
 k - a +0 pair of gloves (worn)
 v - a +0 cloak (worn)
Magical devices
 a - a wand of magic darts (13)
 e - a wand of frost (0)
 o - a wand of digging (15)
 B - a wand of digging (12)
Comestibles
 h - 15 grapes
 i - an apple
 j - a lychee
 n - a snozzcumber
 t - 2 chokos
 D - an orange
Scrolls
 g - 4 scrolls of enchant weapon II
 l - 3 scrolls of remove curse
 m - a scroll of magic mapping {unknown}
 r - a scroll of recharging {unknown}
 w - a scroll of identify
 x - a scroll of amnesia
Jewellery
 f - a ring of protection from cold (left hand)
 y - an uncursed ring of flight
 A - a ring of sustenance (right hand)
Potions
 d - a potion of berserk rage {unknown}
 p - 2 potions of flight
 s - 2 potions of poison
Books
 z - a Necronomicon {highlevel}

   This book is beyond your current level of understanding.

   Spells                             Type                      Level
   Haunt                              Necromancy/Summoning         7
   Borgnjor's Revivification          Necromancy                   8
   Death's Door                       Charms/Necromancy            8
   Necromutation                      Transmutation/Necromancy     8
   The Shining One opposes the use of such an evil item.
Rods
 q - a +1 rod of inaccuracy (13/13)
   (You found it on level 6 of the Dungeon)


   Skills:
 + Level 8.8 Fighting
 - Level 1.0 Maces & Flails
 * Level 11.7 Polearms
   Level 1.0 Staves
 - Level 1.2 Armour
 - Level 2.4 Dodging
 - Level 2.4 Stealth
   Level 1.0 Shields
 - Level 1.1 Evocations


You had 9 spell levels left.
You didn't know any spells.

Dungeon Overview and Level Annotations

Branches:
Dungeon (8/16)             Temple (1/1) D:5
   Lair: D:8-11

Altars:
Ashenzari
Cheibriados
Dithmengos
Elyvilon
Fedhas
Kikubaaqudgha
Makhleb
Nemelex Xobeh
Okawaru
Sif Muna
Trog
Vehumet
Xom
Yredelemnul
Zin
the Shining One

Shops:
D:7 [

Annotations:
D:1 exclusion: downstairs
D:2 exclusion: downstairs
D:4 exclusion: 2 downstairs
D:5 1 exclusion
D:7 exclusion: downstairs


Innate Abilities, Weirdness & Mutations

Your are under a permanent stasis effect.
You can dig through walls and to a lower floor.
Your four strong arms can wield any weapon, most with a shield.
You are susceptible to poison.
You have a pair of large antennae on your head (SInv).
Your body is surrounded by an exoskeleton. (HP +5, AC +1)
You are partially covered in molten scales (AC +1).
Your body is slowly deteriorating.
You are resistant to electric shocks.


Message History

You start resting.
* * * LOW HITPOINT WARNING * * *
You feel sick.
You start resting.
* * * LOW HITPOINT WARNING * * *
You feel sick.
You start resting.
* * * LOW HITPOINT WARNING * * *
You feel sick.
You start resting.
* * * LOW HITPOINT WARNING * * *
You feel sick.
Read which item? (? for menu, Esc to quit)
Okay, then.
Drink which item? (? for menu, Esc to quit)
Okay, then.
Use which ability? (? or * to list)
Okay, then.
You start resting.
You die...

########.##### ###'
#............# #...
#............####...
#............#..'...
#..............##...
#............####...
#............# #...
#............# #...
#..@.........# #...
##.########### ####
#..## ## ##..# ##.
##.#### #.. #....#
####'# ########.#####
#..... #............#
#....)
#..........<.###.....


There were no monsters in sight!

Vanquished Creatures
  Grinder (D:3)
  4 yaks (D:5)
  The ghost of miro the Magician, an average DrCj (D:4)
  An ice beast (D:8)
  3 phantoms
  A black bear (D:7)
  3 sky beasts
  An ogre (D:4)
  3 orc warriors
  A centaur (D:5)
  10 big kobolds (D:7)
  2 giant frogs (D:6)
  2 gnoll sergeants
  3 wights (D:8)
  4 crimson imps
  2 goliath beetles (D:7)
  3 hounds
  Crazy Yiuf (D:3)
  2 iguanas
  A giant frog skeleton (D:5)
  5 orc wizards
  4 orc priests
  4 scorpions
  Jessica (D:2)
  17 gnolls
  17 adders
  2 giant mites
  An inept feature mimic (D:7)
  8 worms
  A giant centipede zombie (D:7)
  6 giant geckos
  25 orcs
  A bat zombie (D:7)
  4 giant cockroaches
  15 goblins
  7 hobgoblins
  18 jackals
  26 kobolds
  4 quokkas
  14 bats
  3 giant newts
  A gnoll zombie (D:7)
  A kobold skeleton (D:7)
  9 rats
  A rat skeleton (D:7)
244 creatures vanquished.

Notes
Turn   | Place    | Note
--------------------------------------------------------------
     0 | D:1      | Piginabag, the Formicid Wanderer, began the quest for the Orb.
     0 | D:1      | Reached XP level 1. HP: 19/19 MP: 1/1
   235 | D:1      | Reached XP level 2. HP: 22/24 MP: 2/2
   597 | D:1      | Reached skill level 4 in Fighting
   597 | D:1      | Reached XP level 3. HP: 18/29 MP: 3/3
  1037 | D:2      | Reached skill level 1 in Dodging
  1037 | D:2      | Reached XP level 4. HP: 34/34 MP: 4/4
  1043 | D:2      | Noticed Jessica
  1054 | D:2      | Killed Jessica
  1089 | D:2      | Reached XP level 5. HP: 34/39 MP: 5/5
  1167 | D:2      | Found a shimmering altar of Xom.
  2004 | D:3      | Reached skill level 5 in Fighting
  2093 | D:2      | Reached XP level 6. HP: 31/45 MP: 7/7
  2384 | D:2      | Reached skill level 1 in Polearms
  3056 | D:3      | Noticed Grinder
  3075 | D:3      | Killed Grinder
  3075 | D:3      | Reached skill level 6 in Fighting
  3075 | D:3      | Reached XP level 7. HP: 26/51 MP: 8/8
  3482 | D:3      | Found a white marble altar of Elyvilon.
  3482 | D:3      | Found an iron altar of Okawaru.
  3485 | D:3      | Found a shadowy altar of Dithmengos.
  3486 | D:3      | Found a burning altar of Makhleb.
  3488 | D:3      | Found a bloodstained altar of Trog.
  4152 | D:3      | Noticed Crazy Yiuf
  4157 | D:3      | Killed Crazy Yiuf
  4345 | D:4      | Reached XP level 8. HP: 57/57 MP: 9/9
  4855 | D:4      | Noticed miro's ghost (average DrCj)
  4873 | D:4      | Killed miro's ghost
  4873 | D:4      | Reached skill level 7 in Fighting
  4873 | D:4      | Reached skill level 5 in Polearms
  5269 | D:5      | Entered Level 5 of the Dungeon
  5387 | D:5      | Found a staircase to the Ecumenical Temple.
  5417 | D:5      | Noticed a yak
  5418 | D:5      | Noticed a yak
  5511 | Temple   | Entered the Ecumenical Temple
  5575 | Temple   | Became a worshipper of the Shining One
  6190 | D:5      | Reached XP level 9. HP: 49/62 MP: 10/10
  6589 | D:5      | Noticed a yak
  6601 | D:5      | Killed a yak
  6605 | D:5      | Noticed a yak
  6612 | D:5      | Killed a yak
  6620 | D:5      | Killed a yak
  6620 | D:5      | Reached skill level 8 in Polearms
  6632 | D:5      | Killed a yak
  7133 | D:7      | Reached skill level 9 in Polearms
  7754 | D:6      | Reached XP level 10. HP: 21/69 MP: 11/11
  8011 | D:7      | Identified a cursed +1 rod of inaccuracy (13/13) (You found it on level 6 of the Dungeon)
  8644 | D:6      | Found a snail-covered altar of Cheibriados.
  8644 | D:6      | Found a basalt altar of Yredelemnul.
  8970 | D:7      | Reached skill level 10 in Polearms
  9376 | D:7      | Found Xeghir's Armour Shoppe.
  9441 | D:7      | Reached skill level 11 in Polearms
 11431 | D:7      | HP: 3/70 [poisoned by a gnoll]
 11434 | D:7      | HP: 1/70 [poisoned by a gnoll]
 11840 | D:7      | HP: 3/70 [poisoned by a gnoll]
 11841 | D:7      | Gained mutation: Your body is slowly deteriorating. [potion of mutation]
 11841 | D:7      | Gained mutation: You are partially covered in molten scales (AC +1). [potion of mutation]
 11841 | D:7      | Gained mutation: You are resistant to electric shocks. [potion of mutation]
 11845 | D:7      | HP: 2/70 [poisoned by a gnoll]
 11851 | D:7      | HP: 2/70 [poisoned by a gnoll]
 11854 | D:7      | Succumbed to a gnoll's poison

Action                   |  1- 3 |  4- 6 |  7- 9 | 10-12 || total
-------------------------+-------+-------+-------+-------++-------
Melee: Mace              |    13 |       |       |       ||    13
       Whip              |    55 |   118 |       |       ||   173
       Halberd           |       |    42 |   392 |   422 ||   856
       Rod               |       |       |       |    14 ||    14
 Abil: Dig               |       |       |     6 |    11 ||    17
Evoke: Wand              |       |     2 |     1 |       ||     3
  Use: Potion            |     2 |       |     3 |    11 ||    16
       Scroll            |       |       |    14 |     3 ||    17
 Stab: Sleeping          |       |       |     4 |       ||     4
       Distracted        |       |       |     1 |       ||     1
